 Dungeon Crawl Stone Soup version 0.30-b1-2-g02819fbbbe (webtiles) character file.

Game seed: 16452048309264627288

111 Alarkh the Trooper (level 4, -4/35 HPs)
             Began as a Demonspawn Artificer on Nov 27, 2023.
             Slain by an orc
             ... wielding a +0 flail
              (8 damage)
             ... on level 3 of the Dungeon.
             The game lasted 00:02:21 (1809 turns).

Alarkh the Trooper (Demonspawn Artificer)           Turns: 1809, Time: 00:02:23

Health: -4/35      AC:  5    Str: 13    XL:     4   Next: 62%
Magic:  4/4        EV: 16    Int: 14    God:
Gold:   172        SH:  0    Dex: 13    Spells: 3/3 levels left

rFire   . . .        a - +1 dagger (venom)
rCold   . . .        (no shield)
rNeg    . . .        b - +0 leather armour
rPois   .            (no helmet)
rElec   .            (no cloak)
rCorr   .            (no gloves)
SInv    +            u - +1 pair of boots
Will    .....        (no amulet)
Stlth   +            g - +5 ring of evasion
HPRegen 0.25/turn    p - ring of see invisible
MPRegen 0.09/turn

%: no passive effects
@: no status effects
A: demonic magic 1, demonic touch 1
a: no special abilities


You were on level 3 of the Dungeon.
You visited 1 branch of the dungeon, and saw 3 of its levels.

You collected 172 gold pieces.

Inventory:

Hand Weapons
 a - a +1 dagger of venom (weapon)
 i - a +0 short sword
Armour
 b - a +0 leather armour (worn)
 u - a +1 pair of boots (worn)
Jewellery
 g - a +5 ring of evasion (left hand)
 p - a ring of see invisible (right hand)
 r - a ring of flight
Wands
 c - a wand of flame (11) (quivered)
 d - a wand of charming (15)
 e - a wand of iceblast (5)
Scrolls
 k - a scroll of enchant weapon {unknown}
 m - a scroll of identify {unknown}
 o - a scroll of magic mapping {unknown}
 q - a scroll of fog {unknown}
 v - a scroll of teleportation {unknown}
 w - a scroll of amnesia {unknown}
 x - a scroll of poison {unknown}
Potions
 f - a potion of resistance {unknown}
 h - a potion of brilliance {unknown}
 j - 3 potions of curing {unknown}
 l - a potion of cancellation {unknown}
 n - a potion of heal wounds {unknown}
 s - a potion of mutation {unknown}
 t - a potion of haste {unknown}


   Skills:
 + Level 3.1 Fighting
 * Level 2.8 Short Blades
 - Level 1.7 Armour
 - Level 0.8 Dodging
 - Level 0.8 Stealth
 - Level 3.0 Evocations


You had 3 spell levels left.
You didn't know any spells.
Your spell library contained the following spells:

 Spells                   Type           Power      Damage    Failure   Level
 Sandblast                Erth           0%         2d4       36%         1
 Passwall                 Tmut/Erth      0%         N/A       50%         2
 Dazzling Flash           Conj/Hex       0%         N/A       73%         3
 Stone Arrow              Conj/Erth      0%         3d7       73%         3
 Volatile Blastmotes      Fire/Tloc      0%         2d10      73%         3
 Iskenderun's Mystic Bla  Conj/Tloc      0%         2d3       98%         4
 Starburst                Conj/Fire      0%         6d3       100%        6


Dungeon Overview and Level Annotations

Branches:
Dungeon (3/15)

Altars:


Innate Abilities, Weirdness & Mutations

Spells you cast may paralyse adjacent enemies.
Your touch may inflict minor irresistible damage on your foes.


Message History

The orc wizard barely misses you. The orc barely misses you.
You hit the orc wizard.
The orc wizard looks as sick as possible!
You touch the orc wizard.
You kill the orc wizard!
The orc hits you with a +0 whip.
Your Fighting skill increases to level 3!
You are too injured to fight recklessly!
The orc attacks as you move away! The orc barely misses you.
You are too injured to fight recklessly!
You are too injured to fight recklessly!
You hit the orc.
The orc is poisoned.
The orc is moderately wounded.
The orc misses you.
You hit the orc.
The orc looks as sick as possible!
The orc is heavily wounded.
The orc barely misses you.
You closely miss the orc.
The orc is severely wounded.
The orc hits you with a +0 dagger.
You barely miss the orc. Your touch misses the orc.
The orc is almost dead.
The orc hits you but does no damage.
You hit the orc but do no damage.
The orc looks as sick as possible!
The orc is almost dead.
You kill the orc!
You barely miss the orc. The orc hits you with a +0 whip.
You hit the orc.
The orc is poisoned.
You touch the orc.
You kill the orc!
You barely miss the orc. Your touch misses the orc. The orc misses you.
You closely miss the orc. The orc hits you with a +0 flail.
You closely miss the orc. The orc hits you with a +0 flail!
* * * LOW HITPOINT WARNING * * *
Aiming: Throw Flame
Press: ? - help, Shift-Dir - straight line, f - orc
Aim: an orc, wielding a +0 flail and wearing a +0 leather armour (71% to hit)
The puff of flame misses the orc.
The puff of flame hits the orc.
The orc is almost dead.
The orc hits you with a +0 flail!
You die...

####### #####.# ####.######
...### #.# #........)#
.#...#########.######.........#
.###...............##.........#
..############..##............#
#†# ##.##..[.........# #.#
######...............# #.#
#...†....<##.........#
#.########...###@####.........#
...........### #o# #.........#
#.######...# #o## #......<..#
#..#..(..### #oo#############
##...##### ##r.# ....## ##)#
.##.# #.)..# .##.# ...r....#
###.# ###.#.####


You could see 4 orcs and a rat.

Vanquished Creatures
  2 orc wizards (D:3)
  An adder (D:2)
  A worm (D:2)
  3 orcs (D:3)
  6 ball pythons
  6 bats
  2 endoplasms (D:2)
  A giant cockroach (D:1)
  4 goblins
  2 hobgoblins
  7 jackals
  9 kobolds
  A quokka (D:2)
  7 frilled lizards
  4 rats
56 creatures vanquished.

Vanquished Creatures (others)
  2 plants (D:2)
2 creatures vanquished.

Grand Total: 58 creatures vanquished

Notes
Turn   | Place    | Note
-------+----------+-------------------------------------------
     0 | D:1      | Alarkh the Demonspawn Artificer began the quest for the
                  | Orb.
     0 | D:1      | Reached XP level 1. HP: 15/15 MP: 1/1
   144 | D:1      | Gained mutation: Your touch may inflict minor irresistible
                  | damage on your foes. [demonic ancestry]
   144 | D:1      | Reached XP level 2. HP: 21/22 MP: 2/2
   614 | D:2      | Reached skill level 1 in Short Blades
   756 | D:2      | Reached XP level 3. HP: 28/28 MP: 3/3
  1769 | D:3      | Gained mutation: Spells you cast may paralyse adjacent
                  | enemies. [demonic ancestry]
  1769 | D:3      | Reached XP level 4. HP: 34/34 MP: 4/4
  1809 | D:3      | Slain by an orc

Illustrated notes

Levels and vault maps discovered:
D:1:      reono_arrival_mine, layout_basic
D:2:      layout_basic, serial_bayou, serial_bayou_pond_b, serial_bayou_pond_a,
          serial_bayou_lake_a, serial_bayou_crossing
D:3:      layout_rooms, minmay_surrounded

Skill      XL: |  1  2  3  4 |
---------------+-------------+-----
Fighting       | 2 3 |  3.1
Short Blades   | 1 2 |  2.8
Armour         | |  1.7
Dodging        | |  0.8
Stealth        | |  0.8
Evocations     | |  3.0

Action                     |  1- 3 |  4- 6 || total
---------------------------+-------+-------++-------
  Melee: Club              |    24 |       ||    24
         Short sword       |    26 |       ||    26
         Punch             |     1 |       ||     1
         Dagger            |    96 |    19 ||   115
         Touch             |    14 |     4 ||    18
  Evoke: Wand              |     3 |     1 ||     4
   Stab: Sleeping          |     1 |       ||     1
 Armour: Leather armour    |    46 |     2 ||    48
  Dodge: Dodged            |   136 |    12 ||   148
